 Dungeon Crawl Stone Soup version 0.21-a0-186-g02e8684 (webtiles) character file.

107 Ikkuss the Skirmisher (level 5, 0/34 HPs)
             Began as a Kobold Wanderer on Aug 14, 2017.
             Slain by Sigmund
             ... wielding a +1 scythe of distortion
              (6 damage)
             ... on level 2 of the Dungeon.
             The game lasted 00:11:53 (3035 turns).

Ikkuss the Skirmisher (Kobold Wanderer)             Turns: 3035, Time: 00:11:54

Health: 0/34       AC:  8    Str: 10 (13) XL:     5   Next: 10%
Magic:  5/5        EV:  6    Int: 15 (18) God:
Gold:   73         SH:  0    Dex: 10 (12) Spells: 4/4 levels left

rFire    . . .     SeeInvis .   d - +0 club
rCold    . . .     Gourm    .   (shield restricted)
rNeg     . . .     Faith    .   j - +0 chain mail
rPois    .         Spirit   .   (no helmet)
rElec    .         Reflect  .   (no cloak)
rCorr    .         Harm     .   (no gloves)
MR       .....                  (no boots)
Stlth    ..........             (no amulet)
HPRegen  0.11/turn              h - ring of stealth
MPRegen  0.09/turn              (no ring)

@: brilliant
A: carnivore 3
a: no special abilities


You were on level 2 of the Dungeon.
You were very full.

You visited 1 branch of the dungeon, and saw 2 of its levels.

You collected 73 gold pieces.

Inventory:

Hand Weapons
 d - a +0 club (weapon)
Missiles
 e - 35 stones (quivered)
Armour
 j - a +0 chain mail (worn)
Jewellery
 h - a ring of stealth (left hand)
Scrolls
 b - a scroll of teleportation
Potions
 g - 2 potions of brilliance
 k - a potion of might
 l - a potion of curing
Comestibles
 f - a meat ration


   Skills:
 + Level 4.6 Fighting
 + Level 2.0 Maces & Flails
 + Level 1.3 Throwing
 - Level 2.6 Armour
 - Level 2.6 Stealth
   Level 1.0 Shields
 - Level 1.0 Unarmed Combat


You had 4 spell levels left.
You didn't know any spells.

Dungeon Overview and Level Annotations

Branches:
Dungeon (2/15)

Altars:

Annotations:
D:2 Sigmund


Innate Abilities, Weirdness & Mutations

You are small and have problems with some larger weapons.
You are carnivorous and can eat meat at any time.


Message History

* * * LOW HITPOINT WARNING * * *
You feel sick.
It was a potion of brilliance.
You feel clever all of a sudden.
* * * LOW HITPOINT WARNING * * *
You feel sick. The adder bites you but does no damage. The adder bites you.
* * * LOW HITPOINT WARNING * * *
You see here a dagger.
* * * LOW HITPOINT WARNING * * *
You feel sick.
It was a potion of degeneration.
There was something very wrong with that liquid.
You feel weakened.
You feel dopey.
You feel clumsy.
* * * LOW HITPOINT WARNING * * *
You feel sick. The adder bites you but does no damage.
You feel better. The adder bites you but does no damage. Something hits you!
* * * LOW HITPOINT WARNING * * *
Space bends around you.
You die...

#.# ##.## #.# #.#
#.# #.# #.# #.#
########.#####.#####
#.......#..........#
#.######.#.#######.#
#.######.#.## #.#
#..@S..#.#..## #.#
######.#.#.#.# #..
#.#...)## #.#
#.###.## #.# #.#
#.### #.# #.# #...
..# #.# #..# ... #.#
#..#####...
#.###..........


You could see an adder.

Vanquished Creatures
  3 adders (D:2)
  3 oozes
  A worm (D:2)
  5 dart slugs
  A leopard gecko (D:1)
  4 bats
  3 giant cockroaches (D:2)
  7 goblins
  6 hobgoblins
  3 jackals (D:2)
  2 ball pythons
  6 frilled lizards
  5 kobolds
  10 rats
59 creatures vanquished.

Notes
Turn   | Place    | Note
-------+----------+-------------------------------------------
     0 | D:1      | Ikkuss the Kobold Wanderer began the quest for the Orb.
     0 | D:1      | Ikkuss set off with: a +2 scale mail, a scroll of teleportation, a potion of lignification, a +0 club, a +0 dagger, a meat ration
     0 | D:1      | Reached XP level 1. HP: 14/14 MP: 1/1
    71 | D:1      | Reached XP level 2. HP: 13/19 MP: 2/2
   592 | D:1      | Reached XP level 3. HP: 8/24 MP: 3/3
   600 | D:1      | Reached skill level 4 in Fighting
   600 | D:1      | Reached skill level 1 in Maces & Flails
  1677 | D:2      | Reached XP level 4. HP: 12/29 MP: 4/4
  2066 | D:2      | Noticed Sigmund
  2148 | D:2      | Reached skill level 1 in Throwing
  2545 | D:2      | Reached XP level 5. HP: 25/34 MP: 5/5
  3035 | D:2      | Slain by Sigmund

Vault maps used:
D:1:      dpeg_arrival_court
D:2:      uniq_sigmund

Skill      XL: |  1  2  3  4 |
---------------+-------------+-----
Fighting       | 4 |  4.6
Maces & Flails | 1 2 |  2.0
Throwing       | 1 |  1.3
Armour         | |  2.6
Stealth        | |  2.6
Shields        | |  1.0
Unarmed Combat | |  1.0

Action                   |  1- 3 |  4- 6 || total
-------------------------+-------+-------++-------
Melee: Club              |   174 |   159 ||   333
Throw: Stone             |     1 |       ||     1
  Use: Scroll            |     3 |       ||     3
       Potion            |     2 |     3 ||     5
 Stab: Distracted        |       |     1 ||     1
       Sleeping          |       |     1 ||     1
  Eat: Chunk             |    11 |     4 ||    15
Armor: Scale mail        |    98 |    62 ||   160
       Skin              |     2 |       ||     2
       Chain mail        |       |    29 ||    29
Dodge: Dodged            |   102 |    68 ||   170
